 Dungeon Crawl Stone Soup version 0.21.1-1-g345015f (webtiles) character file.

209 Iko the Charmwright (level 5, -5/35 HPs)
             Began as an Octopode Skald on June 9, 2018.
             Was an Initiate of Wu Jian.
             Slain by a yak (14 damage)
             ... on level 9 of the Dungeon.
             The game lasted 00:09:23 (976 turns).

Iko the Charmwright (Octopode Skald)                 Turns: 976, Time: 00:09:25

Health: -5/35      AC:  8    Str:  8 (11) XL:     5   Next: 87%
Magic:  7/9        EV: 14    Int: 15 (16) God:    Wu Jian [......]
Gold:   176        SH:  0    Dex:  9 (11) Spells: 5/9 levels left

rFire    . . .     SeeInvis .   e - +5 mace (protect)
rCold    . . .     Gourm    .   (no shield)
rNeg     . . .     Faith    .   (helmet restricted)
rPois    .         Spirit   .   (no amulet)
rElec    .         Reflect  .   (no ring)
rCorr    .         Harm     .   (no ring)
MR       .....                  (no ring)
Stlth    +++.......             (no ring)
HPRegen  0.11/turn              (no ring)
MPRegen  0.11/turn              (no ring)
                                (no ring)
                                (no ring)

@: infused, protection aura
A: almost no armour, stealthy swim, amphibious, 8 rings, constrict 8, beak,
tentacle spike 1, camouflage 1, gelatinous body 1
a: Renounce Religion


You were on level 9 of the Dungeon.
You worshipped Wu Jian.
Wu Jian was noncommittal.
You were not hungry.

You visited 2 branches of the dungeon, and saw 10 of its levels.

You collected 176 gold pieces.

Inventory:

Hand Weapons
 e - a +5 mace of protection (weapon)
Missiles
 a - 6 tomahawks (quivered)
Wands
 g - a wand of flame (57)
Scrolls
 h - 2 scrolls of identify
Potions
 d - a potion of brilliance
 f - 3 potions of curing
Books
 b - a book of Battle

   Spells                             Type                      Level
   a - Infusion                       Charms                       1
   b - Shroud of Golubria             Charms/Translocation         2
   c - Song of Slaying                Charms                       2
   d - Spectral Weapon                Hexes/Charms                 3
   e - Regeneration                   Charms/Necromancy            3
Comestibles
 c - 2 rations


   Skills:
 + Level 2.4 Fighting
   Level 2.2 Long Blades
 + Level 1.4 Maces & Flails
 + Level 0.3 Throwing
 + Level 3.5 Dodging
 + Level 2.5 Stealth
 + Level 2.7 Spellcasting
 + Level 4.0 Charms


You had 5 spell levels left.
You knew the following spells:

 Your Spells              Type           Power        Failure   Level  Hunger
a - Infusion              Chrm           ##..         4%          1    #......
b - Regeneration          Chrm/Necr      #.........   26%         3    ###....


Dungeon Overview and Level Annotations

Branches:
Dungeon (9/15)             Temple (1/1) D:4
   Lair: D:8-11         Orc: D:9-12

Altars:
Ashenzari
Elyvilon
Fedhas
Hepliaklqana
Kikubaaqudgha
Nemelex Xobeh
Okawaru
Qazlal
Ru
Trog
Uskayaw
Vehumet
Wu Jian
Xom
Yredelemnul
Zin

Shops:
D:4 :


Innate Abilities, Weirdness & Mutations

You cannot wear most types of armour.
You are very stealthy in the water. (Stealth+)
You are amphibious.
You can wear up to eight rings at the same time.
You can use your tentacles to constrict eight enemies at once.
Your skin changes colour to match your surroundings (Stealth+).
Your rubbery body absorbs attacks. (AC +1, EV +1)
You have a beak for a mouth.
One of your tentacles bears a spike.


Message History

The yak is heavily wounded.
You hit the yak.
The yak is lightly wounded.
Casting: Regeneration
Confirm with . or Enter, or press ? or * to list all spells.
You begin infusing your attacks with magical energy.
The yak gores you. x2
You hit the yak.
Your tentacle spike misses the yak.
The yak is lightly wounded.
The yak misses you. x3
You barely miss the yak.
You pierce the yak, but do no damage.
You peck the yak, but do no damage.
The yak is heavily wounded.
The yak barely misses you. The yak gores you! x2
* * * LOW HITPOINT WARNING * * *
The yak closely misses you.
You hit the yak.
You pierce the yak.
The yak is severely wounded.
The yak barely misses you. The yak gores you!
You die...

##.## ..# #...# #.#
#<..# #.# #...# # #.#
#...##### #.###.####
#........
#.......#####...#####
#.#Y##).............
#Y@Y...............
#...##........<.....
#.....#.####....#.#..
#..#......#
#.....?... #.
#.##.### #....#.... #
.. #.# #....#.... ##.
#.# #..o.. #.T .. ..


You could see 3 yaks.

Vanquished Creatures
  A sky beast (D:6)
  A hound (D:5)
  Terence (D:2)
  A worker ant (D:8)
  An ooze (D:7)
  6 dart slugs (D:3)
  A leopard gecko (D:8)
  A bat (D:2)
  2 hobgoblins (D:1)
  A quokka (D:4)
  A frilled lizard (D:1)
  A goblin (D:1)
  3 kobolds (D:1)
  A rat (D:1)
22 creatures vanquished.

Vanquished Creatures (others)
  A bat (D:3)
1 creature vanquished.

Grand Total: 23 creatures vanquished

Notes
Turn   | Place    | Note
-------+----------+-------------------------------------------
     0 | D:1      | Iko the Octopode Skald began the quest for the Orb.
     0 | D:1      | Reached XP level 1. HP: 14/14 MP: 3/3
   120 | D:1      | Reached XP level 2. HP: 13/19 MP: 5/5
   126 | D:1      | Gained mutation: One of your tentacles bears a spike. [potion of mutation]
   126 | D:1      | Gained mutation: You have a beak for a mouth. [potion of mutation]
   173 | D:2      | Noticed Terence
   181 | D:2      | Killed Terence
   181 | D:2      | Reached XP level 3. HP: 21/24 MP: 6/6
   237 | D:3      | Reached skill level 1 in Stealth
   328 | D:4      | Found a staircase to the Ecumenical Temple.
   338 | Temple   | Entered the Ecumenical Temple
   561 | Temple   | Became a worshipper of the Wu Jian Council
   672 | D:4      | Found Ydoemuec's Book Shop.
   706 | D:5      | Entered Level 5 of the Dungeon
   767 | D:5      | Reached XP level 4. HP: 29/29 MP: 7/7
   772 | D:5      | Learned a level 3 spell: Regeneration
   793 | D:6      | Noticed a sky beast
   803 | D:6      | Killed a sky beast
   803 | D:6      | Reached skill level 1 in Maces & Flails
   803 | D:6      | Reached XP level 5. HP: 16/35 MP: 4/9
   887 | D:8      | Reached skill level 4 in Charms
   954 | D:9      | Noticed an orc warrior
   954 | D:9      | Noticed a troll
   963 | D:9      | Noticed a yak
   963 | D:9      | Noticed a yak
   967 | D:9      | Noticed a yak
   976 | D:9      | Slain by a yak

Skill      XL: |  1  2  3  4  5 |
---------------+----------------+-----
Stealth        | 1 2 |  2.5
Dodging        | 3 |  3.5
Maces & Flails | 1 |  1.4
Charms         | 4 |  4.0
Fighting       | |  2.4
Long Blades    | |  2.2
Throwing       | |  0.3
Spellcasting   | |  2.7

Action                   |  1- 3 |  4- 6 || total
-------------------------+-------+-------++-------
Melee: Falchion          |    12 |       ||    12
       Constrict         |     8 |       ||     8
       Tentacles         |     3 |     1 ||     4
       Kick              |     4 |     3 ||     7
       Peck              |     5 |     1 ||     6
       Mace              |    14 |    16 ||    30
Throw: Tomahawk          |     1 |    11 ||    12
 Cast: Infusion          |     1 |     1 ||     2
Evoke: Wand              |       |     4 ||     4
  Use: Potion            |     6 |     1 ||     7
       Scroll            |     2 |     2 ||     4
 Stab: Sleeping          |     3 |       ||     3
Armor: Skin              |     9 |     1 ||    10
Dodge: Dodged            |    21 |    14 ||    35
       Rpst.: Falchion   |     4 |       ||     4
